[Event "Team 45 45 League T71"]
[Site "Internet Chess Club"]
[Date "2016.12.22"]
[Round "3"]
[White "LittleButton"]
[Black "JasonModer"]
[Result "1-0"]
[WhiteElo "1857"]
[BlackElo "1990"]
[Opening "Queen's pawn game, Krause variation"]
[ECO "D02"]
[Time "12:01:13"]
[TimeControl "2700+45"]

1. d4 d5 2. Nf3 c5 3. c3 Nf6 4. Bg5 Qb6 5. Qc2 Nc6 6. e3 Bf5 7. dxc5 Bxc2 8.
cxb6 axb6 9. Na3 Bg6 10. Nb5 Kd7 11. c4 Nb4 12. Ne5+ Kc8 13. Nd4 Ne4 14. Bf4 f6
15. Nxg6 hxg6 16. cxd5 Nxd5 17. Rc1+ Kd8 18. Bc4 Nxf4 19. exf4 e5 20. fxe5 fxe5
21. Ne6+ Ke7 22. O-O Nd2 23. Rfe1 Nxc4 24. Nxf8 Rhxf8 25. Rxc4 Rxa2 26. Rb4 Rf6
27. Rxe5+ Kd6 28. Re1 Kc5 29. Rb3 Kc4 30. Rc3+ Kb5 31. Re5+ Kb4 32. Re4+ Ka5 33.
Ra3+ Rxa3 34. bxa3 Rc6 35. Kf1 Rc3 36. Rg4 Rxa3 37. Rxg6 b5 38. Rxg7 b4 39. Rxb7
b3 40. h4 Ka4 41. h5 Ra1+ 42. Ke2 Ka3 43. Ra7+ Kb2 44. Rxa1 Kxa1 45. h6 b2 46.
h7 b1=Q 47. h8=Q+ Ka2 48. Qa8+ Kb2 49. Qb7+ Kc2 50. Qxb1+ Kxb1 51. g4 Kc2 52. g5
Kc3 53. g6 Kd4 54. g7 Ke4 55. g8=Q {Black resigns} 1-0

[Event "Team 45 45 League T71"]
[Site "Internet Chess Club"]
[Date "2016.12.24"]
[Round "3"]
[White "anna"]
[Black "achessman"]
[Result "1-0"]
[WhiteElo "1843"]
[BlackElo "1882"]
[Opening "Petrov three knights game"]
[ECO "C42"]
[Time "09:22:49"]
[TimeControl "2700+45"]

1. e4 e5 2. Nf3 Nf6 3. Nc3 Bb4 4. Nxe5 O-O 5. Be2 Re8 6. Nf3 Nxe4 7. Nxe4 Rxe4
8. c3 Bf8 9. d4 d6 10. O-O Bg4 11. Qc2 d5 12. Be3 Qd6 13. Rfe1 Bxf3 14. Bxf3 Re7
15. c4 c6 16. c5 Qf6 17. Qd2 Qf5 18. Bf4 Nd7 19. Rxe7 Bxe7 20. Re1 Bf6 21. h3
Nf8 22. Bg4 Qg6 23. Qb4 b6 24. cxb6 axb6 25. Qxb6 Rxa2 26. Re8 Qb1+ 27. Kh2 g6
28. Bh6 Bg7 29. Rxf8+ Bxf8 30. Qd8 {Black resigns} 1-0

[Event "Team 45 45 League T71"]
[Site "Internet Chess Club"]
[Date "2016.12.26"]
[Round "3"]
[White "LookImYourVader"]
[Black "Elton2013"]
[Result "0-1"]
[WhiteElo "1770"]
[BlackElo "1818"]
[Opening "Giuoco Piano: center-holding variation"]
[ECO "C53"]
[Time "13:30:23"]
[TimeControl "2700+45"]

1. e4 e5 2. Nf3 Nc6 3. Bc4 Bc5 4. c3 Bb6 5. d4 Qe7 6. O-O Nf6 7. Bg5 O-O 8. a4
a6 9. d5 Nb8 10. Nbd2 d6 11. a5 Ba7 12. h3 Nbd7 13. Qe2 h6 14. Bh4 Kh8 15. Kh1
Rg8 16. Bg3 g5 17. h4 Nh5 18. Bxe5+ Nxe5 19. Nxe5 Nf4 20. Nxf7+ Qxf7 21. Qd1
gxh4 22. e5 Rxg2 23. e6 Qf5 24. Qf3 Rg3 {White resigns} 0-1

[Event "Team 45 45 League T71"]
[Site "Internet Chess Club"]
[Date "2016.12.23"]
[Round "3"]
[White "vjbaker"]
[Black "WillC"]
[Result "1/2-1/2"]
[WhiteElo "1766"]
[BlackElo "1701"]
[Opening "Caro-Kann: Steinitz variation"]
[ECO "B17"]
[Time "15:39:56"]
[TimeControl "2700+45"]

1. e4 c6 2. d4 d5 3. Nc3 dxe4 4. Nxe4 Nd7 5. Nf3 Ngf6 6. Nxf6+ Nxf6 7. Bd3 Bg4
8. c3 e6 9. h3 Bh5 10. g4 Bg6 11. Ne5 Bd6 12. Bf4 Qc7 13. Qd2 O-O-O 14. Bxg6
hxg6 15. O-O-O Ne4 16. Qe2 Nf6 17. Bg3 Kb8 18. f4 Ka8 19. Kb1 Bxe5 20. fxe5 Nd5
21. h4 Rd7 22. Rhf1 c5 23. c4 Nb6 24. dxc5 Na4 25. Rxd7 Qxd7 26. Rd1 Qc7 27. Qd3
Nxc5 28. Qd6 Kb8 29. Bf2 b6 30. b4 Ne4 31. Qxc7+ Kxc7 32. Be1 f5 33. g5 Rd8 34.
Rxd8 Kxd8 35. Kc2 Kc7 36. Kd3 Kc6 37. Kd4 a6 38. a4 b5 39. cxb5+ axb5 40. a5 Kb7
41. Kd3 Kc6 42. Ke2 Kb7 43. Bf2 Ka6 44. Bb6 Nc3+ 45. Kd3 Nd5 46. Bc5 Nf4+ 47.
Ke3 Nd5+ 48. Kd2 Nf4 49. Bf8 Nd5 50. Kd3 Kb7 51. Kd4 Kc6 52. Bc5 Nf4 53. a6 Nd5
54. a7 Kb7 55. Kd3 Nf4+ 56. Ke3 Nd5+ 57. Kf3 Nc7 58. Ke3 Na6 59. Bf8 Kxa7 60.
Kd4 Kb6 61. Kc3 Kc6 62. Bxg7 Nc7 63. Bf8 Kd5 64. Bd6 Ne8 65. Bb8 Ng7 66. Kd3 Nh5
67. Ke3 f4+ 68. Kf3 Kd4 69. Bd6 Kd5 {Game drawn by mutual agreement} 1/2-1/2

[Event "Team 45 45 League T71"]
[Site "Internet Chess Club"]
[Date "2016.12.28"]
[Round "3"]
[White "SlimeDog2"]
[Black "MikeTtheGuru"]
[Result "1-0"]
[WhiteElo "2048"]
[BlackElo "1955"]
[Opening "Nimzo-Indian: 4.e3 c5, 5.Ne2 (Rubinstein, anti-Hübner system)"]
[ECO "E42"]
[Time "16:01:33"]
[TimeControl "2700+45"]

1. d4 Nf6 2. c4 e6 3. Nc3 Bb4 4. e3 c5 5. Ne2 b6 6. a3 Ba5 7. Rb1 Na6 8. Bd2 O-O
9. g3 Bb7 10. d5 exd5 11. Bg2 Qc7 12. cxd5 Qe5 13. O-O Bxc3 14. Bxc3 Qd6 15. e4
Ng4 16. h3 Nh6 17. e5 Qb8 18. Qd3 Nc7 19. Rfe1 f6 20. exf6 gxf6 21. Nf4 Ne8 22.
Re7 Rf7 23. Rbe1 Rxe7 24. Rxe7 Nf7 25. Nh5 {Black resigns} 1-0

[Event "Team 45 45 League T71"]
[Site "Internet Chess Club"]
[Date "2016.12.22"]
[Round "3"]
[White "jjimalo"]
[Black "qs16"]
[Result "1-0"]
[WhiteElo "1807"]
[BlackElo "1571"]
[Opening "Queen's pawn game, Darooha variation "]
[ECO "D02"]
[Time "14:05:20"]
[TimeControl "2700+45"]

1. d4 d5 2. Nf3 Nf6 3. g3 g6 4. c4 e6 5. Bg2 Bg7 6. O-O O-O 7. Nc3 Nc6 8. b3 b6
9. Bb2 Bb7 10. Rc1 dxc4 11. bxc4 Na5 12. Ne5 Bxg2 13. Kxg2 Nxc4 14. Nxc4 Qd5+
15. Nxd5 exd5 16. Ne5 Ne4 17. Rxc7 a6 18. f3 Nd6 19. Qb3 Nb5 20. Rc2 Rad8 21.
Rfc1 Bxe5 22. dxe5 d4 23. a4 d3 24. exd3 Nd4 25. Bxd4 Rxd4 26. Rc7 b5 27. axb5
axb5 28. Rxf7 Rxf7 29. Rc7 Rc4 {Black resigns} 1-0

[Event "Team 45 45 League T71"]
[Site "Internet Chess Club"]
[Date "2016.12.23"]
[Round "3"]
[White "AVEMARIA"]
[Black "elmaestro"]
[Result "1/2-1/2"]
[WhiteElo "1701"]
[BlackElo "1713"]
[Opening "Sicilian"]
[ECO "B50"]
[Time "17:56:35"]
[TimeControl "2700+45"]

1. e4 c5 2. Nf3 d6 3. b3 a6 4. Bb2 e5 5. Be2 Nf6 6. d3 Be7 7. O-O O-O 8. Nbd2
Nc6 9. a4 h6 10. h3 Nh7 11. Nh2 f5 12. exf5 Bxf5 13. Bg4 Bxg4 14. Nxg4 Qd7 15.
Ne4 Rad8 16. Qe2 Nd4 17. Bxd4 cxd4 18. Nd2 Rc8 19. Nc4 Qc6 20. f4 b5 21. axb5
axb5 22. Ra7 Bf6 23. fxe5 Rce8 24. Nxf6+ Nxf6 25. Rxf6 Rxf6 26. Qg4 Rf7 27. Rxf7
Kxf7 28. Nxd6+ Ke7 29. Qxg7+ Kd8 30. Nxe8 Kxe8 31. Qg8+ Ke7 32. e6 Qxc2 33. Qf7+
Kd6 34. Qd7+ Ke5 35. Qxb5+ Kf6 36. Kh2 Qc1 37. Qd5 Qf4+ 38. g3 Qd2+ 39. Qg2 Qxd3
40. e7 Kxe7 41. Qb7+ Kf6 42. Qc6+ Kg7 43. Qd7+ Kf8 44. Qd6+ Kg7 45. Qe7+ Kg6 46.
Qe6+ Kg7 {Game drawn by mutual agreement} 1/2-1/2

[Event "Team 45 45 League T71"]
[Site "Internet Chess Club"]
[Date "2017.01.01"]
[Round "3"]
[White "pishd"]
[Black "losscause"]
[Result "1/2-1/2"]
[WhiteElo "1736"]
[BlackElo "1517"]
[Opening "Queen's pawn game"]
[ECO "D04"]
[Time "11:04:37"]
[TimeControl "2700+45"]

1. d4 Nf6 2. Nf3 d5 3. e3 Bf5 4. c4 e6 5. Qb3 Qc8 6. Nc3 c6 7. Bd2 Be7 8. Rc1
Qd7 9. cxd5 exd5 10. Ne5 Qc7 11. Nb5 Qb6 12. Nc3 Qxb3 13. axb3 Nbd7 14. Nxd7
Nxd7 15. Na4 O-O 16. b4 Nb6 17. Nc5 Bxc5 18. bxc5 Nd7 19. b4 a6 20. Be2 Rfe8 21.
f3 Nf8 22. Kf2 Ng6 23. Rc3 Ne7 24. Ra1 Bd7 25. Bd3 Nc8 26. e4 Ne7 27. Bf4 f5 28.
e5 Be6 29. Rca3 Rec8 30. b5 cxb5 31. Bxb5 Nc6 32. Bxc6 Rxc6 33. Rb3 Rc7 34. Rab1
Ra7 35. Ke3 h6 36. Kd3 Kf7 37. Kc3 g5 38. Bd2 Bd7 39. Kb4 Bb5 40. Ka5 Rc6 41. h3
Ra8 42. f4 Rg8 43. Rg3 Rcg6 44. Rbb3 g4 45. hxg4 Rxg4 46. Rxg4 Rxg4 {Game drawn
by mutual agreement} 1/2-1/2

[Event "Team 45 45 League T71"]
[Site "Internet Chess Club"]
[Date "2016.12.26"]
[Round "3"]
[White "Pomberito"]
[Black "chesswooog"]
[Result "1-0"]
[WhiteElo "2096"]
[BlackElo "2020"]
[Opening "Sicilian: dragon, Yugoslav attack, 10.O-O-O"]
[ECO "B78"]
[Time "15:01:42"]
[TimeControl "2700+45"]

1. e4 c5 2. Nf3 d6 3. d4 cxd4 4. Nxd4 Nf6 5. Nc3 g6 6. Be3 Bg7 7. f3 Nc6 8. Bc4
O-O 9. Qd2 Bd7 10. O-O-O Rc8 11. Bb3 Nxd4 12. Bxd4 b5 13. h4 a5 14. h5 a4 15.
Bxf6 exf6 16. Bd5 b4 17. hxg6 bxc3 18. Bxf7+ Rxf7 19. gxf7+ Kxf7 20. Qxd6 cxb2+
21. Kb1 Rc7 22. Rxh7 Qc8 23. Qg3 Bg4 24. Qxg4 Qxg4 25. fxg4 a3 26. Rf1 Kg6 27.
Rh3 Bf8 28. g5 Kxg5 29. Rg3+ Kh4 30. Rg6 Kh5 31. Rgxf6 Bb4 32. Rf7 Rc4 33. Rg7
Kh6 34. Rg8 Kh7 35. Rg4 {Black resigns} 1-0

[Event "Team 45 45 League T71"]
[Site "Internet Chess Club"]
[Date "2016.12.29"]
[Round "3"]
[White "room-matt"]
[Black "f5"]
[Result "0-1"]
[WhiteElo "1878"]
[BlackElo "2061"]
[Opening "Sicilian: Grand Prix attack"]
[ECO "B23"]
[Time "14:03:38"]
[TimeControl "2700+45"]

1. e4 c5 2. Nc3 Nc6 3. f4 g6 4. Bc4 Bg7 5. Nf3 d6 6. O-O e6 7. d3 Nge7 8. Ne2 a6
9. Bb3 b5 10. a4 Bd7 11. Qe1 O-O 12. Qh4 d5 13. axb5 axb5 14. Rxa8 Qxa8 15. c3
c4 16. dxc4 bxc4 17. Bc2 Qa7+ 18. Kh1 dxe4 19. Ng5 h6 20. Nxe4 Nf5 21. Qh3 Nce7
22. Rd1 Bc6 23. Qf3 Qa8 24. g3 Bd5 25. Qg2 Nd6 26. Rxd5 Qxd5 27. Nxd6 Qxd6 28.
b4 cxb3 29. Bxb3 Qd3 30. Ba3 Rb8 31. Ba2 Nf5 32. Bb4 Qc2 33. Ng1 Qxg2+ 34. Kxg2
Ne3+ 35. Kf3 Nc2 36. Bd6 Rb2 37. Bc4 Bxc3 38. Ne2 Nd4+ 39. Nxd4 Bxd4 40. h3 Rh2
41. h4 h5 42. Ke4 Bb2 43. Be5 Bxe5 44. fxe5 Kf8 45. Kf4 Ke7 46. Bd3 Rb2 47. Be4
Rb4 48. Kf3 Kd7 49. Ke3 Rxe4+ 50. Kxe4 Kc6 51. Kd4 Kb5 52. Kd3 Kc5 53. Ke4 Kc4
54. Ke3 Kd5 55. Kf4 Kd4 56. g4 hxg4 57. Kxg4 Kxe5 58. Kg5 Kd6 59. Kf4 e5+ 60.
Ke4 f5+ 61. Kf3 Ke6 62. Ke3 Kf6 63. Kd3 Kg7 64. Ke3 Kh6 65. Kf3 Kh5 66. Kg3 e4
{White resigns} 0-1

[Event "Team 45 45 League T71"]
[Site "Internet Chess Club"]
[Date "2016.12.26"]
[Round "3"]
[White "primerpaso"]
[Black "fishhead"]
[Result "0-1"]
[WhiteElo "1777"]
[BlackElo "1725"]
[Opening "English opening"]
[ECO "A16"]
[Time "19:02:48"]
[TimeControl "2700+45"]

1. c4 Nf6 2. Nc3 g6 3. g3 Bg7 4. Bg2 d6 5. e4 c6 6. Nge2 e5 7. d4 O-O 8. O-O Qe7
9. h3 Re8 10. Be3 a5 11. Qd2 Na6 12. Rfe1 exd4 13. Nxd4 Nc5 14. Kh2 Bd7 15. Bg5
Qf8 16. g4 h5 17. f3 Ne6 18. Be3 Re7 19. Nde2 Qb8 20. Kh1 a4 21. Rad1 hxg4 22.
hxg4 Ne8 23. f4 Nc5 24. e5 Bxg4 25. exd6 Rxe3 26. Qxe3 Nd7 27. c5 Qd8 28. Rd2
Qh4+ 29. Kg1 Qxe1+ 30. Bf1 Nef6 31. Rd1 Qh4 32. Bg2 Re8 33. Qd2 Nxc5 {White
resigns} 0-1

[Event "Team 45 45 League T71"]
[Site "Internet Chess Club"]
[Date "2017.01.01"]
[Round "3"]
[White "Goli"]
[Black "VictorRed"]
[Result "1/2-1/2"]
[WhiteElo "1731"]
[BlackElo "1682"]
[Opening "Philidor's defense"]
[ECO "C41"]
[Time "17:02:21"]
[TimeControl "2700+45"]

1. e4 e5 2. Nf3 d6 3. h3 Nf6 4. d3 Nc6 5. Be2 Be6 6. Be3 h6 7. O-O Qd7 8. c4 g5
9. Ne1 Rg8 10. Qd2 g4 11. h4 h5 12. g3 Be7 13. Nc3 Nd4 14. Nd5 Nxe2+ 15. Qxe2
Bd8 16. Nxf6+ Bxf6 17. Ng2 Be7 18. Kh2 a6 19. a4 c5 20. a5 Bd8 21. Qd2 Qe7 22.
b4 b6 23. axb6 Bxb6 24. bxc5 dxc5 25. Qb2 Qc7 26. Rxa6 Rxa6 27. Qb5+ Kf8 28.
Qxa6 Kg7 29. Rb1 Rb8 30. Qa3 Bd7 31. Qc1 Qd6 32. Ne1 Ra8 33. Ra1 Rxa1 34. Qxa1
f5 35. f4 Bc7 36. fxe5 Qxe5 37. Qxe5+ Bxe5 38. Bxc5 fxe4 39. dxe4 Be6 40. Nd3
Kf6 41. Be3 Bxc4 42. Nf2 Be2 43. Bf4 Bd4 44. Kg2 Bf3+ 45. Kf1 Bxf2 46. e5+ Ke6
47. Kxf2 Bd5 48. Ke3 Bf3 49. Kd4 Bc6 50. Bg5 Be8 51. Ke4 Bg6+ 52. Kf4 Be8 53.
Bf6 Bf7 54. Kg5 {Game drawn by mutual agreement} 1/2-1/2

[Event "Team 45 45 League T71"]
[Site "Internet Chess Club"]
[Date "2016.12.29"]
[Round "3"]
[White "SlimeDog2"]
[Black "Agarnez"]
[Result "1-0"]
[WhiteElo "2062"]
[BlackElo "1985"]
[Opening "QGD: exchange, positional line"]
[ECO "D35"]
[Time "23:01:38"]
[TimeControl "2700+45"]

1. d4 d5 2. c4 e6 3. Nc3 Nf6 4. cxd5 exd5 5. Bg5 Be7 6. e3 c6 7. Bd3 Ne4 8. Bxe7
Qxe7 9. Qc2 Bf5 10. Nge2 Nxc3 11. Bxf5 Nxe2 12. Qxe2 Nd7 13. O-O Nf6 14. Rab1
Ne4 15. Rfc1 a5 16. Bxe4 Qxe4 17. b4 axb4 18. Rxb4 Qe7 19. Qb2 O-O 20. Rxb7 Rxa2
21. Rxe7 Rxb2 22. g3 Rb6 23. Rc7 h6 24. R1xc6 Rfb8 25. Rc5 Rf6 26. Rc8+ Rxc8 27.
Rxc8+ Kh7 28. Rd8 Rf5 29. g4 Rg5 30. f3 h5 31. h4 Rg6 32. g5 Ra6 33. Rxd5 Ra2
34. e4 Rd2 35. Rd7 Kg8 36. Rd8+ Kh7 37. d5 f6 38. f4 Rd4 39. Re8 f5 40. exf5
Rxd5 41. g6+ {Black resigns} 1-0

[Event "Team 45 45 League T71"]
[Site "Internet Chess Club"]
[Date "2016.12.21"]
[Round "3"]
[White "kamalchandran"]
[Black "searchforbobby1"]
[Result "1-0"]
[WhiteElo "1925"]
[BlackElo "1996"]
[Opening "Sicilian defense"]
[ECO "B30"]
[Time "22:03:02"]
[TimeControl "2700+45"]

1. e4 c5 2. Nf3 Nc6 3. g3 g6 4. Bg2 Bg7 5. O-O d6 6. c3 e5 7. d3 Nge7 8. a3 O-O
9. b4 h6 10. Nbd2 Be6 11. Rb1 b6 12. b5 Na5 13. Bb2 Qd7 14. a4 Rac8 15. c4 f5
16. Qe2 f4 17. Bc3 Nb7 18. a5 g5 19. Ne1 Ng6 20. f3 fxg3 21. hxg3 Rf7 22. axb6
axb6 23. Nc2 Rcf8 24. Ne3 h5 25. Ra1 h4 26. Ra6 hxg3 27. Nd5 Nf4 28. Nxf4 exf4
29. Bxg7 Rxg7 30. Rxb6 Rh7 31. Ra1 Qg7 32. e5 Bh3 33. Ra7 Bxg2 34. Rbxb7 Rh1+
35. Kxg2 Rh2+ 36. Kf1 g2+ 37. Qxg2 {Black resigns} 1-0

[Event "Team 45 45 League T71"]
[Site "Internet Chess Club"]
[Date "2016.12.25"]
[Round "3"]
[White "ArturitoGalacti"]
[Black "Bluecat"]
[Result "1/2-1/2"]
[WhiteElo "1868"]
[BlackElo "1883"]
[Opening "English: symmetrical variation"]
[ECO "A34"]
[Time "15:01:50"]
[TimeControl "2700+45"]

1. c4 c5 2. Nc3 Nf6 3. e4 Nc6 4. g3 e6 5. f4 d5 6. e5 Ne4 7. Nf3 Be7 8. Bd3 f5
9. exf6 Nxf6 10. Qe2 O-O 11. O-O a6 12. b3 Nb4 13. Bb2 Qd6 14. a3 Nxd3 15. Qxd3
b5 16. cxb5 Qb6 17. Na4 Qxb5 18. Qxb5 axb5 19. Nb6 Rb8 20. Nxc8 Rfxc8 21. Ng5 c4
22. b4 Rc6 23. Rae1 Re8 24. f5 exf5 25. Rxf5 Bc5+ 26. Kf1 Rxe1+ 27. Kxe1 Be7 28.
Bxf6 gxf6 29. Nf3 Ra6 30. Rxd5 Rxa3 31. Ke2 Bxb4 32. Rxb5 Ba5 33. Rc5 c3 34.
dxc3 Bxc3 35. Rc8+ {Game drawn by mutual agreement} 1/2-1/2

[Event "Team 45 45 League T71"]
[Site "Internet Chess Club"]
[Date "2016.12.30"]
[Round "3"]
[White "Grann"]
[Black "ChessHouston"]
[Result "1-0"]
[WhiteElo "1962"]
[BlackElo "1955"]
[Opening "Pirc: classical system, 5.Be2"]
[ECO "B08"]
[Time "12:00:23"]
[TimeControl "2700+45"]

1. e4 d6 2. d4 Nf6 3. Nc3 g6 4. Nf3 Bg7 5. Be2 c6 6. a4 O-O 7. O-O Bg4 8. Re1 e5
9. dxe5 Bxf3 10. Bxf3 dxe5 11. Qe2 Na6 12. Be3 Qe7 13. Qc4 Qb4 14. Be2 Rfe8 15.
h3 Qa5 16. Red1 Bf8 17. Bg5 Kg7 18. Bxf6+ Kxf6 19. Rd7 Re7 20. Rad1 Rae8 21.
Rxb7 Rxb7 22. Qxc6+ Kg7 23. Qxb7 Nb4 24. Rd7 {Black resigns} 1-0

[Event "Team 45 45 League T71"]
[Site "Internet Chess Club"]
[Date "2016.12.24"]
[Round "3"]
[White "andrew37"]
[Black "Capt-Morgan"]
[Result "0-1"]
[WhiteElo "1680"]
[BlackElo "1857"]
[Opening "English: Bremen, reverse dragon"]
[ECO "A22"]
[Time "19:02:17"]
[TimeControl "2700+45"]

1. c4 Nf6 2. Nc3 e5 3. g3 d5 4. cxd5 Nxd5 5. Bg2 Nb4 6. a3 N4c6 7. d3 Be6 8. Nf3
Be7 9. Be3 Nd7 10. b4 f6 11. O-O O-O 12. Nd2 Nb6 13. Bxc6 bxc6 14. Nde4 Nd5 15.
Qc1 a5 16. Nc5 Bh3 17. Re1 axb4 18. N3e4 Nxe3 19. fxe3 Qd5 20. Qc4 Qxc4 21. dxc4
bxa3 22. Nd3 Rfb8 23. Ra2 Be6 24. Rc1 Ra5 25. Kf2 f5 26. Nd2 e4 27. Nf4 Bf7 28.
Rcc2 Ra4 29. h4 g6 30. Nh3 h6 31. Nf4 Kg7 32. Ng2 g5 33. hxg5 hxg5 34. g4 fxg4
35. Ke1 g3 36. Rc3 Bb4 37. Rcc2 Bxc4 38. Ra1 Rh8 39. Kd1 Rh1+ 40. Ne1 Bb3 {White
resigns} 0-1

[Event "Team 45 45 League T71"]
[Site "Internet Chess Club"]
[Date "2017.01.01"]
[Round "3"]
[White "Portola"]
[Black "VictorRed"]
[Result "1/2-1/2"]
[WhiteElo "1720"]
[BlackElo "1684"]
[Opening "Queen's pawn game"]
[ECO "D00"]
[Time "20:00:15"]
[TimeControl "2700+45"]

1. d4 d5 2. c3 Nf6 3. Nf3 Nc6 4. Bg5 e6 5. Nbd2 Be7 6. e3 a6 7. Bd3 h6 8. Bf4
Nh5 9. Be5 Nxe5 10. Nxe5 Nf6 11. O-O O-O 12. f4 Nd7 13. Ndf3 Bf6 14. Qe2 c6 15.
Qf2 Qc7 16. h4 Nxe5 17. Nxe5 Qd8 18. Nf3 g6 19. g3 b6 20. g4 Bg7 21. Ne5 Bxe5
22. fxe5 a5 23. Qg3 Ba6 24. Bxa6 Rxa6 25. Rf6 Kg7 26. Qf3 Ra7 27. a4 c5 28. Qe2
{Game drawn by mutual agreement} 1/2-1/2

[Event "Team 45 45 League T71"]
[Site "Internet Chess Club"]
[Date "2016.12.24"]
[Round "3"]
[White "Innes"]
[Black "rubo"]
[Result "1/2-1/2"]
[WhiteElo "1523"]
[BlackElo "1656"]
[Opening "Caro-Kann: classical, 6.h4"]
[ECO "B18"]
[Time "17:00:14"]
[TimeControl "2700+45"]

1. e4 c6 2. d4 d5 3. Nc3 dxe4 4. Nxe4 Bf5 5. Ng3 Bg6 6. h4 h6 7. h5 Bh7 8. Nf3
Nd7 9. Bd3 Bxd3 10. Qxd3 Qc7 11. Bd2 e6 12. O-O-O Ngf6 13. Rh4 Bd6 14. Ne4 Nxe4
15. Rxe4 Nf6 16. Rh4 O-O-O 17. Bc3 Nd5 18. Bd2 Bf4 19. Ne5 Bxe5 20. dxe5 Qxe5
21. Qa3 a6 22. Qa5 Qe2 23. Rd4 Qxf2 24. Bf4 e5 25. Bxe5 Qe3+ 26. R4d2 Qxe5 27.
c4 Qc7 28. Qa3 Nf6 29. Qh3+ Rd7 30. Qf5 Rd8 31. g4 Kb8 32. Rxd7 Rxd7 33. Re1 Qg3
34. Re8+ Nxe8 35. Qxd7 Qe1+ 36. Kc2 Qe6 37. Qd8+ Qc8 38. Qe7 Qe6 39. Qd8+ Ka7
40. Qd4+ b6 41. c5 Qd5 42. cxb6+ Kb7 43. Qe3 Qe6 44. Qd4 Qd5 45. Qe3 Qe6 46. Qd4
Qe2+ 47. Kb3 Qe6+ 48. Kc2 {Game drawn by repetition} 1/2-1/2

[Event "Team 45 45 League T71"]
[Site "Internet Chess Club"]
[Date "2016.12.27"]
[Round "3"]
[White "g8wrb"]
[Black "Andressa"]
[Result "1/2-1/2"]
[WhiteElo "1266"]
[BlackElo "1441"]
[Opening "Ruy Lopez: old Steinitz defense"]
[ECO "C62"]
[Time "10:39:22"]
[TimeControl "2700+45"]

1. e4 e5 2. Nf3 Nc6 3. Bb5 d6 4. c3 Nf6 5. Qe2 Be7 6. O-O O-O 7. Rd1 a6 8. Ba4
b5 9. Bb3 Bb7 10. d3 h6 11. Be3 Qd7 12. Nbd2 Qg4 13. Nf1 Rad8 14. Ng3 b4 15.
Rac1 a5 16. h3 Qd7 17. Ba4 Qe6 18. Bb3 Qd7 19. Ba4 Qe6 20. Bb3 Qd7 21. Ba4 {Game
drawn by repetition} 1/2-1/2

[Event "Team 45 45 League T71"]
[Site "Internet Chess Club"]
[Date "2016.12.26"]
[Round "3"]
[White "justice02"]
[Black "Packerfan"]
[Result "1-0"]
[WhiteElo "1706"]
[BlackElo "1644"]
[Opening "English opening"]
[ECO "A30"]
[Time "14:00:55"]
[TimeControl "2700+45"]

1. Nf3 Nf6 2. c4 c5 3. g3 Nc6 4. Bg2 e5 5. d3 d6 6. Nc3 Be7 7. O-O O-O 8. Ng5 h6
9. Nge4 Be6 10. f4 Qd7 11. fxe5 Nxe4 12. Bxe4 Nxe5 13. Nd5 Rab8 14. Bf5 Ng4 15.
e4 Ne5 16. Be3 Bxf5 17. Rxf5 Qd8 18. Bxc5 dxc5 19. Rxe5 Bf6 20. Rf5 Bxb2 21. Rb1
Bd4+ 22. Kh1 g6 23. Qg4 Kh7 24. e5 Qc8 25. Rbf1 gxf5 26. Nf6+ Kh8 27. Qh5 Kg7
28. Rxf5 Qc6+ 29. Rf3 Qe6 30. Rf5 Bxe5 31. Rg5+ hxg5 32. Qxg5+ Kh8 33. Qh6#
{Black checkmated} 1-0

[Event "Team 45 45 League T71"]
[Site "Internet Chess Club"]
[Date "2017.01.02"]
[Round "3"]
[White "Lrn2Mate"]
[Black "zepled37"]
[Result "0-1"]
[WhiteElo "1600"]
[BlackElo "1691"]
[Opening "Grünfeld: 5.e3"]
[ECO "D94"]
[Time "08:04:23"]
[TimeControl "2700+45"]

1. d4 Nf6 2. c4 g6 3. Nc3 d5 4. Nf3 Bg7 5. e3 O-O 6. Be2 dxc4 7. Bxc4 c5 8. d5
Nbd7 9. O-O Nb6 10. Qb3 Nxc4 11. Qxc4 b6 12. e4 e6 13. d6 Ne8 14. e5 f6 15. Rd1
Qd7 16. Bf4 Bb7 17. Qd3 Rd8 18. exf6 Bxf3 19. fxg7 Rxf4 20. gxf3 Rd4 21. Qe3
Rxd6 22. Rxd6 Nxd6 23. Rd1 Qe8 24. Qe5 Nf7 25. Rxd8 Qxd8 26. Qxe6 Qg5+ 27. Kh1
Qc1+ 28. Kg2 Qxb2 29. Nd5 Kxg7 30. h4 Qe5 31. Qc6 Qd6 32. Qb7 b5 33. Nc7 Qb6 34.
Qc8 c4 35. Qd7 c3 36. Nd5 Qd6 37. Qxb5 c2 38. Qc4 Ne5 39. Qc3 Qxd5 40. Qxc2
Qxf3+ 41. Kf1 Qd3+ 42. Qe2 Qxe2+ 43. Kxe2 Kf6 44. Ke3 Ng4+ 45. Kf3 Kf5 46. a4 a5
47. Kg3 Nxf2 48. Kxf2 Kf4 49. Ke2 Ke4 50. Kf2 h6 51. Kg3 h5 52. Kf2 Kf4 53. Ke2
Kg4 54. Kd3 Kxh4 55. Kc4 Kg3 56. Kb5 h4 {White resigns} 0-1

[Event "Team 45 45 League T71"]
[Site "Internet Chess Club"]
[Date "2017.01.01"]
[Round "3"]
[White "Grenadier"]
[Black "tryanything"]
[Result "0-1"]
[WhiteElo "1583"]
[BlackElo "1603"]
[Opening "KP: Nimzovich defense"]
[ECO "B00"]
[Time "16:01:21"]
[TimeControl "2700+45"]

1. e4 Nc6 2. d4 e5 3. d5 Nce7 4. Bd3 Ng6 5. Be3 Nf6 6. Nd2 Bb4 7. c4 O-O 8. a3
Bxd2+ 9. Qxd2 d6 10. h3 b6 11. Ne2 Nh4 12. Rg1 Bxh3 13. Bg5 Nxg2+ 14. Kd1 h6 15.
Bxh6 Ng4 16. Bg5 Nxf2+ 17. Kc2 f6 18. Be3 Nxd3 19. Qxd3 Nxe3+ 20. Qxe3 Bd7 21.
Qh6 Qe7 22. Rg3 g5 23. Rag1 Qh7 24. Qxh7+ Kxh7 25. R3g2 Kg7 26. b4 Rh8 27. Nc3
Rh4 28. Rb1 Rah8 29. c5 Rh2 30. Rg1 bxc5 31. bxc5 a6 32. c6 Bg4 33. Kb3 Rxg2 34.
Rxg2 Bf3 35. Rf2 g4 36. Kb4 Rb8+ 37. Ka5 Rb3 38. Ne2 Rxa3+ 39. Kb4 Ra2 40. Rxf3
gxf3 41. Ng3 f2 42. Kb3 Ra1 {White resigns} 0-1

[Event "Team 45 45 League T71"]
[Site "Internet Chess Club"]
[Date "2017.01.02"]
[Round "3"]
[White "clarinetref"]
[Black "GoIrish"]
[Result "1/2-1/2"]
[WhiteElo "1578"]
[BlackElo "1521"]
[Opening "Scandinavian (center counter) defense"]
[ECO "B01"]
[Time "20:38:08"]
[TimeControl "2700+45"]

1. e4 d5 2. exd5 Qxd5 3. Nc3 Qa5 4. d4 Nf6 5. Bd2 c6 6. Nf3 Bg4 7. h3 Bh5 8. Be2
e6 9. O-O Be7 10. Re1 O-O 11. Ne4 Qc7 12. Ng3 Bg6 13. c4 Nbd7 14. Qb3 Qb6 15.
Qc3 c5 16. Be3 cxd4 17. Nxd4 Bb4 18. Qb3 Bxe1 19. Rxe1 Qxb3 20. axb3 Nc5 21. b4
Nd3 22. Ra1 Nxb4 23. Bf3 Rac8 24. b3 e5 25. Ndf5 Rc7 26. Rxa7 Bxf5 27. Nxf5 e4
28. Be2 Nc6 29. Ra4 Ne5 30. Bd4 Nfd7 31. Ra5 b6 32. Rd5 Re8 33. Nd6 Re7 34. Nxe4
Nc6 35. Ng3 Nxd4 36. Rxd4 Kf8 37. Bg4 Nc5 38. b4 Nb3 39. Rf4 Nd2 40. Be2 g6 41.
Rf6 Nxc4 42. Bxc4 Rxc4 43. Rxb6 Rc1+ 44. Kh2 Rc2 45. Rf6 Rb7 46. Rf4 Rb2 47. b5
R7xb5 48. Rf3 f5 49. h4 R5b4 50. Kh3 R2b3 51. Rxb3 Rxb3 52. f3 Kf7 53. Ne2 Kf6
54. Nd4 Rd3 55. Ne2 h5 56. Nf4 Rd1 57. Kg3 g5 58. hxg5+ Kxg5 59. Ne6+ Kf6 60.
Nf4 Kg5 61. Nh3+ Kf6 62. Nf4 Kg5 63. Nh3+ {Game drawn by mutual agreement}
1/2-1/2

[Event "Team 45 45 League T71"]
[Site "Internet Chess Club"]
[Date "2017.01.01"]
[Round "3"]
[White "kwen2008"]
[Black "bluesun"]
[Result "1/2-1/2"]
[WhiteElo "1540"]
[BlackElo "1494"]
[Opening "Ruy Lopez: Caro variation"]
[ECO "C70"]
[Time "15:00:16"]
[TimeControl "2700+45"]

1. e4 e5 2. Nf3 Nc6 3. Bb5 a6 4. Ba4 b5 5. Bb3 Nf6 6. O-O Bc5 7. a4 Bb7 8. axb5
axb5 9. Rxa8 Bxa8 10. c3 d6 11. d4 Bb6 12. dxe5 Nxe5 13. Nxe5 dxe5 14. Qxd8+
Kxd8 15. Rd1+ Ke7 16. Bg5 Bxe4 17. Re1 Bxb1 18. Rxb1 h6 19. Bxf6+ Kxf6 20. Rd1
Ke7 21. Rd5 c6 22. Rxe5+ Kf6 23. Re2 Ra8 24. Rd2 Ra1+ 25. Bd1 Ke5 26. g3 Ba5 27.
Kg2 b4 28. Rd3 bxc3 29. bxc3 Rc1 30. Bf3 Bxc3 31. Bxc6 Bd4 32. f4+ Kd6 {Game
drawn by mutual agreement} 1/2-1/2